 Dungeon Crawl Stone Soup version 0.19.5 (webtiles) character file.

73 Azzok the Skirmisher (level 4, -2/40 HPs)
             Began as a Centaur Fighter on June 22, 2017.
             Slain by Azzok's ghost (6 damage)
             ... on level 3 of the Dungeon.
             The game lasted 00:03:51 (2139 turns).

Azzok the Skirmisher (Centaur Fighter)              Turns: 2139, Time: 00:03:52

Health: -2/40      AC:  6    Str: 24    XL:     4   Next: 8%
Magic:  4/4        EV:  8    Int:  7    God:
Gold:   108        SH:  8    Dex:  9    Spells: 0 memorised, 3 levels left

rFire  . . .     SeeInvis .     a - +0 long sword
rCold  . . .     Gourm    .     b - +0 scale mail
rNeg   . . .     Faith    .     c - +0 shield
rPois  .         Spirit   .     (no helmet)
rElec  .         Reflect  .     (no cloak)
rCorr  .         Harm     .     (no gloves)
MR     .....                    (no barding)
Stlth  ..........               (no amulet)
                                n - +3 ring of evasion
                                (no ring)

@: mighty, very quick
A: hooves 3, deformed body, speed 2, tough skin 3
a: no special abilities


You were on level 3 of the Dungeon.
You were not hungry.

You visited 1 branch of the dungeon, and saw 3 of its levels.

You collected 108 gold pieces.

Inventory:

Hand Weapons
 a - a +0 long sword (weapon)
Missiles
 p - 8 arrows
Armour
 b - a +0 scale mail (worn)
 c - a +0 shield (worn)
Jewellery
 n - a +3 ring of evasion (right hand)
 q - a +6 ring of protection {unknown}
Scrolls
 e - a scroll of recharging {unknown}
 i - 2 scrolls of amnesia {unknown}
 m - a scroll of enchant armour {unknown}
 o - a scroll of magic mapping {unknown}
 s - a scroll of immolation {unknown}
 v - a scroll of blinking {unknown}
 x - a scroll of enchant weapon {unknown}
Potions
 d - a potion of might
 g - a potion of flight {unknown}
 h - a potion of heal wounds {unknown}
 j - a potion of brilliance {unknown}
 k - a potion of agility {unknown}
 l - a potion of mutation {unknown}
 r - a potion of cancellation {unknown}
 t - 3 potions of curing {unknown}
 w - a potion of degeneration {unknown}
Comestibles
 f - a bread ration {@e1}
 u - 8 chunks of flesh {@w0}
 z - a beef jerky


   Skills:
 + Level 3.9 Fighting
 + Level 3.2 Long Blades
 - Level 2.1 Armour
 - Level 2.1 Shields


You had 3 spell levels left.
You didn't know any spells.

Dungeon Overview and Level Annotations

Branches:
Dungeon (3/15)

Altars:
Gozag
The Shining One

Annotations:
D:3 Azzok's ghost, amateur CeHu


Innate Abilities, Weirdness & Mutations

You have hooves in place of feet.
Armour fits poorly on your strangely shaped body.
You cover ground very quickly.
You have extremely tough skin. (AC +3)


Message History

Azzok's ghost is moderately damaged.
Azzok's ghost hits you!
* * * LOW HITPOINT WARNING * * *
You take 8 damage, and have 9/40 hp.
You hit Azzok's ghost.
Azzok's ghost is heavily damaged.
Azzok's ghost hits you but does no damage.
Your shield prevents you from hitting Azzok's ghost.
Your kick misses Azzok's ghost.
Azzok's ghost is heavily damaged.
You block Azzok's ghost's attack. Azzok's ghost hits you.
* * * LOW HITPOINT WARNING * * *
You take 5 damage, and have 4/40 hp.
You closely miss Azzok's ghost. You kick Azzok's ghost.
Azzok's ghost is heavily damaged.
Azzok's ghost hits you but does no damage.
You hit Azzok's ghost but do no damage.
Azzok's ghost is heavily damaged.
Azzok's ghost hits you.
You die...

▒··<···▒ ▒······▒
▒······▒ ·
▒···)··▒ ··
▒······▒▒····
▒···········
▒······▒▒······
▒······▒·········
▒▒▒▒@▒▒··▒·······
▒W▒▒·▒▒·······
▒·▒▒·▒▒·▒·····
▒····▒▒······
▒············
▒▒·▒·····▒▒▒▒ ▒
··········▒▒▒▒▒···
··················
▒▒▒▒▒▒·▒▒▒·)·▒▒▒··


You could see Azzok's ghost.

Vanquished Creatures
  2 adders (D:2)
  A dart slug (D:2)
  4 leopard geckos
  6 bats
  4 giant cockroaches
  3 goblins (D:1)
  7 hobgoblins
  3 jackals (D:1)
  A quokka (D:2)
  5 frilled lizards
  4 kobolds
  9 rats
49 creatures vanquished.

Notes
Turn   | Place    | Note
-------+----------+-------------------------------------------
     0 | D:1      | Azzok the Centaur Fighter began the quest for the Orb.
     0 | D:1      | Reached XP level 1. HP: 19/19 MP: 1/1
   143 | D:1      | Reached XP level 2. HP: 26/26 MP: 2/2
   460 | D:1      | Found a glowing golden altar of the Shining One.
   736 | D:1      | Reached XP level 3. HP: 31/31 MP: 3/3
  1880 | D:2      | Found an opulent altar of Gozag.
  1889 | D:2      | Reached XP level 4. HP: 40/40 MP: 4/4
  2104 | D:3      | Noticed Azzok's ghost (amateur CeHu)
  2139 | D:3      | Slain by Azzok's ghost

Skill      XL: |  1  2  3 |
---------------+----------+-----
Long Blades    | 2 3 |  3.2
Fighting       | |  3.9
Armour         | |  2.1
Shields        | |  2.1

Action                   |  1- 3 |  4- 6 || total
-------------------------+-------+-------++-------
Melee: Long sword        |   140 |    39 ||   179
       Kick              |    20 |     9 ||    29
  Use: Potion            |       |     1 ||     1
  Eat: Chunk             |     2 |     1 ||     3
Armor: Scale mail        |    63 |    18 ||    81
Dodge: Dodged            |    57 |    11 ||    68
Block: Shield            |    64 |    22 ||    86
       Rpst.: Long sword |    19 |     6 ||    25
